 Dungeon Crawl Stone Soup version 0.28.0-53-g5a82cb258f (webtiles) character file.

Game seed: 3331661713680292381

2754 mortz the Thaumaturge (level 9, -8/48 HPs)
             Began as a Deep Elf Conjurer on June 18, 2022.
             Shot with a sling bullet by Joseph (15 damage)
             ... on level 7 of the Dungeon.
             The game lasted 00:29:43 (7194 turns).

mortz the Thaumaturge (Deep Elf Conjurer)           Turns: 7194, Time: 00:29:44

Health: -8/48      AC:  8    Str:  6    XL:     9   Next: 41%
Magic:  12/23      EV: 12    Int: 31    God:
Gold:   263        SH:  3    Dex: 13    Spells: 17/25 levels left

rFire   . . .      SeeInvis .   z - +5 dagger {short}
rCold   . . .      Faith    .   g - +0 buckler
rNeg    . . .      Spirit   .   s - +0 leather armour of the Known World {rPois Int+5 Stlth-}
rPois   +          Reflect  .   (no helmet)
rElec   .          Harm     .   Q - +2 cloak
rCorr   .          Rampage  .   n - +0 pair of gloves
Will    .....                   (no boots)
Stlth   +.........              (no amulet)
HPRegen 0.16/turn               (no ring)
MPRegen 0.18/turn               (no ring)

@: about to teleport
A: no striking features
a: no special abilities


You were on level 7 of the Dungeon.
You visited 1 branch of the dungeon, and saw 7 of its levels.

You collected 263 gold pieces.


   Skills:
 + Level 1.6 Fighting
 * Level 4.9 Armour
 + Level 3.7 Dodging
 + Level 4.0 Stealth
 + Level 0.7 Shields
 + Level 8.8 Spellcasting
 + Level 8.1 Conjurations
 * Level 6.0 Translocations


You had 17 spell levels left.
You knew the following spells:

 Your Spells              Type           Power      Damage    Failure   Level
a - Magic Dart            Conj           100%       1d8       1%          1
b - Searing Ray           Conj           100%       2d8       1%          2
c - Iskenderun's Mystic   Conj/Tloc      55%        2d12      4%          4
d - Foxfire               Conj/Fire      100%       2x1d9     1%          1

Your spell library contained the following spells:

 Spells                   Type           Power      Damage    Failure   Level
 Gell's Gravitas          Tloc           50%        N/A       1%          3
 Teleport Other           Tloc           50%        N/A       1%          3
 Conjure Flame            Conj/Fire      39%        6-21      4%          3
 Dazzling Flash           Conj/Hex       78%        N/A       4%          3
 Flame Wave               Conj/Fire      39%        2d9       14%         4
 Fulminant Prism          Conj/Hex       19%        3d11      14%         4
 Inner Flame              Hex/Fire       13%        N/A       22%         3
 Dispersal                Tloc           25%        N/A       69%         6

Inventory:

Hand Weapons
 a - a +5 long sword {long}
   (You took it off a wight on level 6 of the Dungeon)
 b - a +3 mace {mace}
   (You took it off a wight on level 6 of the Dungeon)
 l - a +0 short sword {short}
   (You took it off a kobold on level 1 of the Dungeon)
 z - a +5 dagger (weapon) {short}
   (You took it off an orc wizard on level 3 of the Dungeon)
 D - a +1 whip of electrocution {mace}
   (You took it off a kobold on level 4 of the Dungeon)
 G - a +1 whip of flaming {mace}
   (You took it off Pikel on level 5 of the Dungeon)
 P - a +2 quarterstaff of chaos {staff}
   (You took it off Crazy Yiuf on level 6 of the Dungeon)
 R - a +0 short sword of venom {short}
   (You took it off Duvessa on level 7 of the Dungeon)
Missiles
 e - 20 stones {throwing}
Armour
 d - a +2 leather armour of positive energy
   (You took it off Eustachio on level 4 of the Dungeon)
 g - a +0 buckler (worn)
   (You took it off a hobgoblin on level 1 of the Dungeon)
 n - a +0 pair of gloves (worn)
   (You found it on level 1 of the Dungeon)
 s - the +0 leather armour of the Known World (worn) {rPois Int+5 Stlth-}
   (You found it on level 2 of the Dungeon)

   Int:       It affects your intelligence (+5).
   rPois:     It protects you from poison.
   Stlth:     It makes you less stealthy.
 C - a +0 cloak
   (You found it on level 4 of the Dungeon)
 Q - a +2 cloak (worn)
   (You took it off Crazy Yiuf on level 6 of the Dungeon)
 S - a +3 leather armour of willpower
   (You took it off Duvessa on level 7 of the Dungeon)
Jewellery
 v - an amulet of faith {!P}
   (You found it on level 2 of the Dungeon)
Wands
 A - a wand of digging (5)
   (You took it off a kobold on level 4 of the Dungeon)
 I - a wand of acid (2)
   (You found it on level 5 of the Dungeon)
 O - a wand of polymorph (9)
   (You took it off Sigmund on level 6 of the Dungeon)
Scrolls
 i - a scroll of brand weapon {unknown}
 j - 2 scrolls of fear
 m - a scroll of summoning {unknown}
 o - 2 scrolls of immolation {unknown}
 p - a scroll of enchant weapon
 r - 3 scrolls of teleportation {@r4}
 u - a scroll of fog {unknown}
 w - 5 scrolls of identify {unknown}
 x - a scroll of noise {unknown}
 y - a scroll of magic mapping {unknown}
 B - a scroll of acquirement {unknown}
 K - a scroll of enchant armour {unknown}
 L - a scroll of vulnerability {unknown}
 N - a scroll of blinking {unknown}
Potions
 c - 3 potions of flight {unknown}
 f - a potion of cancellation {unknown}
 h - a potion of berserk rage {unknown}
 k - a potion of might {unknown}
 q - 2 potions of haste {unknown}
 t - a potion of heal wounds {unknown}
 E - a potion of curing {unknown}
 F - a potion of resistance {unknown}
 H - 2 potions of attraction {unknown}
 J - a potion of lignification {unknown}
 M - a potion of mutation {unknown}

Dungeon Overview and Level Annotations

Branches:
Dungeon (7/15)
 Temple: D:4-7

Altars:
Cheibriados

Shops:
D:2 (

Annotations:
D:7 Joseph

#.........# #.(##..##.#
#.)###.##.# #..# #.##.#
#.)###..#.# #..<......#
.8#######.####..###
.#....).######..#
....@.).@...##..#
........###.##..##
..#########.##...######
#...#.............#
#.#.#.#.##.#..###.#
##.#.#.#.##..#.#
#....#.#.....#.#
#......#.......#
#....###.####..#


You could see Joseph.


Message History

Aiming: Searing Ray (safe; 1% risk of failure)
Press: ? - help, Shift-Dir - straight line, f/p - bullfrog
Aim: a bullfrog (severely wounded, 79% to hit)
The searing ray hits the bullfrog. (Press . to maintain the ray.) 😎 MP[-2]
You lost 2 mp, and now have 19/23 mp.
The searing ray hits the bullfrog!
You kill the bullfrog!
Your Translocations skill increases to level 6! 😎 MP[-1]
You lost 1 mp, and now have 18/23 mp.
You now have 263 gold pieces (gained 3).
Joseph, a Mercenary comes into view.
He is wielding a +2 quarterstaff of speed. 😎 MP[+3]
You regained 3 mp, and now have 21/23 mp.
Joseph shouts!
Aiming: Magic Dart (safe; 1% risk of failure)
Press: ? - help, Q - select action, (/) - cycle Shift-Dir - straight line, f - Joseph
Aim: Joseph, wielding a +2 quarterstaff of speed, wearing a +0 ring mail and quivering sling bullets (100% to hit)
The magic dart hits Joseph but does no damage.
Joseph unwields a +2 quarterstaff of speed.
Joseph wields a +0 hunting sling.
Joseph shoots a sling bullet.
The sling bullet hits you but does no damage. 😎 MP[-1]
You lost 1 mp, and now have 20/23 mp.
Aiming: Magic Dart (safe; 1% risk of failure)
Press: ? - help, Q - select action, (/) - cycle Shift-Dir - straight line, f/p - Joseph
Aim: Joseph, wielding a +0 hunting sling, wearing a +0 ring mail and quivering sling bullets (100% to hit)
The magic dart hits Joseph! 😎 MP[-1]
You lost 1 mp, and now have 19/23 mp.
Aiming: Magic Dart (safe; 1% risk of failure)
Press: ? - help, Q - select action, (/) - cycle Shift-Dir - straight line, f/p - Joseph
Aim: Joseph, wielding a +0 hunting sling, wearing a +0 ring mail and quivering sling bullets (lightly wounded, 100% to hit)
The magic dart hits Joseph. 😎 MP[-1]
You lost 1 mp, and now have 18/23 mp.
Casting: Magic Dart (safe; 1% risk of failure)
Confirm with . or Enter, or press ? or * to list all spells.
You can't see any susceptible monsters within range! (Use Z to cast anyway.) Unknown command.
Aiming: Magic Dart (safe; 1% risk of failure)
Press: ? - help, Q - select action, (/) - cycle Shift-Dir - straight line, f/p - Joseph
Aim: Joseph, wielding a +0 hunting sling, wearing a +0 ring mail and quivering sling bullets (lightly wounded, 100% to hit)
The magic dart hits Joseph.
Joseph shoots a sling bullet.
The sling bullet hits you! 😕 HP[-8] MP[-1]
You take 8 damage, and now have 40/48 hp.
You lost 1 mp, and now have 17/23 mp.
Aiming: Magic Dart (safe; 1% risk of failure)
Press: ? - help, Q - select action, (/) - cycle Shift-Dir - straight line, f/p - Joseph
Aim: Joseph, wielding a +0 hunting sling, wearing a +0 ring mail and quivering sling bullets (lightly wounded, 100% to hit)
The magic dart hits Joseph.
Joseph shoots a sling bullet.
You block the sling bullet.
Aiming: Magic Dart (safe; 1% risk of failure)
Press: ? - help, Q - select action, (/) - cycle Shift-Dir - straight line, f/p - Joseph
Aim: Joseph, wielding a +0 hunting sling, wearing a +0 ring mail and quivering sling bullets (moderately wounded, 100% to hit)
The magic dart hits Joseph but does no damage.
Joseph shoots a sling bullet.
The sling bullet hits you! 😮 HP[-12] MP[-1]
You take 12 damage, and now have 28/48 hp.
MASSIVE DAMAGE!! (PAUSE)
You lost 1 mp, and now have 16/23 mp.
Aiming: Magic Dart (safe; 1% risk of failure)
Press: ? - help, Q - select action, (/) - cycle Shift-Dir - straight line, f/p - Joseph
Aim: Joseph, wielding a +0 hunting sling, wearing a +0 ring mail and quivering sling bullets (moderately wounded, 100% to hit)
The magic dart hits Joseph.
Joseph shoots a sling bullet.
The sling bullet closely misses you. 😮 MP[-1]
You lost 1 mp, and now have 15/23 mp.
Aiming: Magic Dart (safe; 1% risk of failure)
Press: ? - help, Q - select action, (/) - cycle Shift-Dir - straight line, f/p - Joseph
Aim: Joseph, wielding a +0 hunting sling, wearing a +0 ring mail and quivering sling bullets (moderately wounded, 100% to hit)
The magic dart hits Joseph but does no damage. 😮 MP[-1]
You lost 1 mp, and now have 14/23 mp.
Casting: Magic Dart (safe; 1% risk of failure)
Confirm with . or Enter, or press ? or * to list all spells.
Aiming: Searing Ray (safe; 1% risk of failure)
Press: ? - help, Shift-Dir - straight line, f/p - Joseph
Aim: Joseph, wielding a +0 hunting sling, wearing a +0 ring mail and quivering sling bullets (moderately wounded, 85% to hit)
The searing ray hits Joseph but does no damage. (Press . to maintain the ray.) Joseph shoots a sling bullet.
The sling bullet hits you!
* * * LOW HITPOINT WARNING * * *
😨 HP[-7] MP[-2]
You take 7 damage, and now have 21/48 hp.
You lost 2 mp, and now have 12/23 mp.
The searing ray hits Joseph!
Joseph shoots a sling bullet.
The sling bullet hits you!
* * * LOW HITPOINT WARNING * * *
😱 HP[-14]
You take 14 damage, and now have 7/48 hp.
MASSIVE DAMAGE!! (PAUSE)
Okay, then.
As you read the scroll of teleportation {@r4}, it crumbles to dust.
You feel strangely unstable.
Joseph shoots a sling bullet.
The sling bullet hits you!
You die...

Skill      XL: |  1  2  3  4  5  6  7  8  9 |
---------------+----------------------------+-----
Conjurations   | 5 6 7 8 |  8.1
Translocations | 1 2 3 4 5 6 |  6.0
Spellcasting   | 4 5 6 8 |  8.8
Armour         | 1 2 3 4 |  4.9
Stealth        | 3 4 |  4.0
Dodging        | 3 |  3.7
Fighting       | 1 |  1.6
Shields        | |  0.7

Action                   |  1- 3 |  4- 6 |  7- 9 || total
-------------------------+-------+-------+-------++-------
Melee: Dagger            |       |     7 |       ||     7
       Punch             |       |     1 |       ||     1
 Cast: Magic Dart        |    68 |    12 |    58 ||   138
       Searing Ray       |    17 |    18 |    55 ||    90
       Iskenderun's Myst |       |       |     5 ||     5
  Use: Scroll            |       |       |     4 ||     4
Armor: Robe              |     1 |       |       ||     1
       Leather armour    |       |     3 |    14 ||    17
       Skin              |       |       |     1 ||     1
Dodge: Dodged            |     4 |     9 |    33 ||    46
Block: Buckler           |       |       |     7 ||     7

Levels and vault maps discovered:
D:1:      lightli_arrival_boilingwater, layout_basic, minmay_hexomino_u4
D:2:      layout_basic, serial_shops, nicolae_shop_overgrown_old_shop,
          minivault_24
D:3:      layout_loops_cross, roderic_batcave, uniq_jessica
D:4:      nicolae_cairo_tiling, layout_rooms, mainiacjoe_overflow_alcove_4,
          roderic_roman_lattice, uniq_eustachio
D:5:      layout_basic, uniq_grinder, uniq_pikel
D:6:      layout_loops_ring, serial_park_tiny_pond, uniq_menkaure, uniq_sigmund,
          uniq_crazy_yiuf_cottage
D:7:      layout_basic, lemuel_temple_firewalk_a, uniq_duvessa, uniq_joseph,
          uniq_harold

Notes
Turn   | Place    | Note
-------+----------+-------------------------------------------
     0 | D:1      | mortz the Deep Elf Conjurer began the quest for the Orb.
     0 | D:1      | Reached XP level 1. HP: 10/10 MP: 6/6
     0 | D:1      | magus.rc [v1.9.6]
   186 | D:1      | Reached XP level 2. HP: 15/15 MP: 5/8
   221 | D:1      | Learned a level 2 spell: Searing Ray
   598 | D:1      | Reached skill level 5 in Conjurations
  1101 | D:2      | Reached XP level 3. HP: 19/19 MP: 4/9
  1426 | D:2      | Reached skill level 1 in Translocations
  1745 | D:2      | Identified the +0 leather armour of the Known World {rPois
                  | Int+5 Stlth-}
  1772 | D:2      | Found Laoma's Antique Weapon Boutique.
  2273 | D:3      | Reached XP level 4. HP: 24/24 MP: 7/11
  2311 | D:3      | Reached skill level 4 in Spellcasting
  2402 | D:3      | Reached skill level 1 in Armour
  2446 | D:3      | Reached XP level 5. HP: 28/28 MP: 7/13
  2511 | D:3      | You fall into a shaft and drop 3 floors!
  2550 | D:6      | Reached skill level 2 in Translocations
  2551 | D:6      | Reached skill level 5 in Spellcasting
  2570 | D:6      | Reached XP level 6. HP: 27/32 MP: 1/15
  2836 | D:5      | Entered Level 5 of the Dungeon
  2857 | D:4      | Reached skill level 2 in Armour
  2857 | D:4      | Reached skill level 3 in Translocations
  3035 | D:3      | Noticed Jessica
  3036 | D:3      | Killed Jessica
  3037 | D:3      | Reached skill level 6 in Conjurations
  3049 | D:3      | magus.rc [v1.9.6]
  3407 | D:3      | Reached XP level 7. HP: 36/36 MP: 13/17
  3561 | D:4      | Noticed Eustachio
  3568 | D:4      | Killed Eustachio
  3569 | D:4      | Reached skill level 3 in Armour
  3569 | D:4      | Reached skill level 6 in Spellcasting
  3695 | D:4      | Reached skill level 3 in Stealth
  3986 | D:4      | You add the spells Gell's Gravitas, Teleport Other and
                  | Dispersal to your library.
  4067 | D:4      | Reached skill level 4 in Translocations
  4197 | D:4      | Reached XP level 8. HP: 42/42 MP: 14/20
  4691 | D:4      | Found a snail-covered altar of Cheibriados.
  4831 | D:5      | Reached skill level 7 in Spellcasting
  4882 | D:5      | Noticed Pikel
  4912 | D:5      | Killed Pikel
  4913 | D:5      | Reached skill level 4 in Armour
  4913 | D:5      | Reached skill level 3 in Dodging
  4913 | D:5      | Reached skill level 7 in Conjurations
  5252 | D:5      | Reached skill level 5 in Translocations
  5378 | D:5      | Noticed Grinder
  5386 | D:5      | Killed Grinder
  5387 | D:5      | Reached skill level 1 in Fighting
  5387 | D:5      | Reached skill level 8 in Spellcasting
  5496 | D:5      | You pick up a book of Flames and begin reading...
  5496 | D:5      | You add the spells Foxfire, Conjure Flame, Inner Flame and
                  | Flame Wave to your library.
  5502 | D:5      | Learned a level 4 spell: Iskenderun's Mystic Blast
  5504 | D:5      | Learned a level 1 spell: Foxfire
  6173 | D:6      | Noticed Menkaure
  6183 | D:6      | Killed Menkaure
  6184 | D:6      | Reached XP level 9. HP: 47/47 MP: 17/23
  6294 | D:6      | Noticed Sigmund
  6331 | D:6      | Killed Sigmund
  6446 | D:6      | Found a runed translucent door.
  6447 | D:6      | Noticed Crazy Yiuf
  6601 | D:6      | Killed Crazy Yiuf
  6807 | D:7      | Reached skill level 4 in Stealth
  6944 | D:7      | Noticed Duvessa
  6944 | D:7      | Noticed Dowan
  6950 | D:7      | Killed Duvessa
  6951 | D:7      | Reached skill level 8 in Conjurations
  7101 | D:7      | Killed Dowan
  7170 | D:7      | Reached skill level 6 in Translocations
  7182 | D:7      | Noticed Joseph
  7193 | D:7      | HP: 7/48 [Joseph/sling bullet (14)]
  7194 | D:7      | Shot with a sling bullet by Joseph

Vanquished Creatures
  Pikel (D:5)
  Grinder (D:5)
  Sigmund (D:6)
  Eustachio (D:4)
  Menkaure (D:6)
  Duvessa (D:7)
  A black bear (D:4)
  A sky beast (D:4)
  2 ogres
  A centaur (D:7)
  A phantom (D:4)
  2 lemures (D:5)
  A bullfrog (D:7)
  A wyvern zombie (D:5)
  A scorpion (D:5)
  Dowan (D:7)
  2 vampire bats (D:3)
  4 wights (D:6)
  2 jellies (D:4)
  Crazy Yiuf (D:6)
  An orc priest (D:3)
  2 hounds
  2 centaur zombies
  5 iguanas
  Jessica (D:3)
  3 orc wizards
  2 howler monkey zombies (D:5)
  2 adders
  A white imp (D:5)
  An ufetubus (D:6)
  An adder skeleton (D:4)
  2 worms
  2 dart slugs
  8 orcs
  8 ball pythons
  11 bats
  7 endoplasms
  4 giant cockroaches
  4 goblins
  6 hobgoblins
  3 jackals (D:4)
  10 kobolds
  7 quokkas
  2 frilled lizards
  5 rats
127 creatures vanquished.

Vanquished Creatures (others)
  A plant (D:2)
1 creature vanquished.

Grand Total: 128 creatures vanquished

Table legend:
 A = Non-vault XP
 B = Vault XP
 C = Vault XP percentage of total XP
 D = Non-vault monster count
 E = Vault monster count
 F = Vault count percentage of total count
                 A         B        C        D         E       F
            +---------+---------+-------+---------+---------+-------
      Total |    1988 |    1947 |  49.5 |     103 |      22 |  17.6
            +---------+---------+-------+---------+---------+-------
        D:1 |      30 |       7 |  18.9 |      17 |       4 |  19.0
        D:2 |      49 |       0 |   0.0 |      20 |       0 |   0.0
        D:3 |     171 |     162 |  48.6 |      15 |      10 |  40.0
        D:4 |     756 |     203 |  21.2 |      30 |       1 |   3.2
        D:5 |     208 |     923 |  81.6 |       6 |       2 |  25.0
        D:6 |     333 |     441 |  57.0 |       9 |       3 |  25.0
        D:7 |     441 |     211 |  32.4 |       6 |       2 |  25.0
            +---------+---------+-------+---------+---------+-------

Illustrated notes

Table legend:
 A = Kills in this place as a percentage of kills in entire the game.
 B = Kills by you in this place as a percentage of kills by you in the entire game.
 C = Kills by friends in this place as a percentage of kills by friends in the entire game.
 D = Other kills in this place as a percentage of other kills in the entire game.
 E = Experience gained in this place as a percentage of experience gained in the entire game.
 F = Experience gained in this place divided by the number of levels of this place that you have seen.
                   A       B       C       D       E      F
               +-------+-------+-------+-------+-------+----------------------
         Total | 100.0 | 100.0 |   N/A |   N/A | 100.0 | 562.1
       Dungeon | 100.0 | 100.0 |   N/A |   N/A | 100.0 | 562.1
               +-------+-------+-------+-------+-------+----------------------

Table legend: (Time is in decaauts)
 A = Elapsed time spent in this place.
 B = Non-inter-level travel time spent in this place.
 C = Inter-level travel time spent in this place.
 D = Time resting spent in this place.
 E = Time spent auto-exploring this place.
 F = Levels seen in this place.
 G = Mean time per level.
                   A        B        C        D        E       F      G
               +--------+--------+--------+--------+--------+-----+--------+
         Total |   7203 |   7050 |    153 |    792 |   5238 |   7 | 1029.0 |
       Dungeon |   7203 |   7050 |    153 |    792 |   5238 |   7 | 1029.0 |
               +--------+--------+--------+--------+--------+-----+--------+

Top non-repeatable levels by time:
     D:6: 1336 daAuts
     D:4: 1313 daAuts
     D:2: 1160 daAuts
     D:1: 1017 daAuts
     D:5: 997 daAuts
     D:3: 975 daAuts
     D:7: 402 daAuts
